 Dungeon Sprint DCSS version 0.22-a0-414-gacd343e (webtiles) character file.

5292 packetloss the Severer (level 10, -6/99 HPs)
             Began as a Hill Orc Fighter on May 14, 2018.
             Was an Elder of Makhleb.
             Mangled by a polar bear (12 damage)
             ... created by the rage of Trog
             ... in the Dungeon (Sprint VII: "The Pits").
             The game lasted 00:11:49 (1426 turns).

packetloss the Severer (Hill Orc Fighter)           Turns: 1426, Time: 00:11:50

Health: -6/99      AC: 15    Str: 26    XL:     10   Next: 63%
Magic:  4/4        EV:  9    Int: 11    God:    Makhleb [****..]
Gold:   0          SH: 13    Dex: 10    Spells: 9/9 levels left

rFire    . . .     SeeInvis .   b - +1 broad axe (antimagic)
rCold    . . .     Gourm    .   c - +0 shield
rNeg     . . .     Faith    .   s - +3 chain mail
rPois    .         Spirit   .   (no helmet)
rElec    .         Reflect  .   (no cloak)
rCorr    .         Harm     .   (no gloves)
MR       .....     NoTele   +   (no boots)
Stlth    ..........             (no amulet)
HPRegen  0.26/turn              x - +3 ring of intelligence
MPRegen  0.09/turn              w - +3 ring of strength

@: invisible
A: no striking features
a: Minor Destruction, Lesser Servant of Makhleb, Major Destruction, Renounce
Religion


You were in the Dungeon.
You worshipped Makhleb.
Makhleb was greatly pleased with you.
You were not hungry.

You visited 1 branch

Inventory:

Hand Weapons
 a - a +2 war axe of freezing
   (You found it in the Dungeon)
 b - a +1 antimagic broad axe (weapon)
   (Trog gifted it to you in the Dungeon)
 u - a +0 shortbow of flaming
   (You took it off a centaur in the Dungeon)
Missiles
 o - 14 stones (quivered)
 v - 12 arrows
Armour
 c - a +0 shield (worn)
 l - +0 acid dragon scales
   (You found it in the Dungeon)
 s - a +3 chain mail (worn)
   (You found it in the Dungeon)
 t - a +3 scale mail
   (You found it in the Dungeon)
 y - a +4 chain mail
   (You found it in the Dungeon)
Magical Staves
 n - an uncursed staff of energy {+MP, hungerless spells, !d!a@w1}
   (You found it in the Dungeon)
Jewellery
 w - a +3 ring of strength (right hand)
   (You found it in the Dungeon)
 x - a +3 ring of intelligence (left hand)
   (You found it in the Dungeon)
Scrolls
 k - a scroll of blinking {!r}
 p - 3 scrolls of remove curse
 q - 5 scrolls of amnesia
 r - a scroll of summoning
Potions
 d - 2 potions of might
 e - 6 potions of curing
 h - 2 potions of haste
 i - 4 potions of magic
 j - 3 potions of berserk rage {!q}
 m - a potion of invisibility
 z - 3 potions of agility
Comestibles
 f - 9 rations
 A - 3 chunks of flesh {@w0}


   Skills:
 + Level 12.4 Fighting
 + Level 20.0 Axes
 + Level 11.5 Armour
 - Level 2.6 Dodging
 + Level 11.5 Shields
 + Level 5.2 Invocations


You had 9 spell levels left.
You didn't know any spells.
Your spell library was empty.

Dungeon Overview and Level Annotations

Branches:
Dungeon (1/1)

Altars:
Ashenzari
Cheibriados
Dithmenos
Elyvilon
Fedhas
Gozag
Hepliaklqana
Kikubaaqudgha
Makhleb
Nemelex Xobeh
Okawaru
Qazlal
Ru
Sif Muna
Trog
Uskayaw
Vehumet
Wu Jian
Xom
Yredelemnul
Zin
The Shining One
Beogh
Jiyva
Lugonu


Message History

You block the polar bear's attack. x2
You take 27 damage, and have 3/99 hp.
MASSIVE DAMAGE!!
Unknown command.
You feel much better.
The ogre hits you with a giant spiked club.
* * * LOW HITPOINT WARNING * * *
The black bear bites you but does no damage.
You block the black bear's attack.
The black bear claws you but does no damage.
The polar bear closely misses you. The polar bear barely misses you.
You block the polar bear's attack.
You regained 26 hp, and now have 29/99 hp.
Unknown command.
You feel much better. You block the black bear's attack. x2
The black bear closely misses you. The polar bear bites you!!
You block the polar bear's attack.
The polar bear claws you but does no damage.
The ogre misses you. The black bear bites you.
* * * LOW HITPOINT WARNING * * *
The black bear claws you.
* * * LOW HITPOINT WARNING * * *
The black bear claws you.
* * * LOW HITPOINT WARNING * * *
The polar bear closely misses you. The polar bear completely misses you.
The polar bear claws you but does no damage.
You take 7 damage, and have 22/99 hp.
Unknown command.
You feel much better. The ogre barely misses you.
You block the black bear's attack.
The black bear claws you but does no damage.
You block the black bear's attack. The polar bear bites you.
The polar bear misses you. You block the polar bear's attack.
You regained 21 hp, and now have 43/99 hp.
Unknown command.
You hit the polar bear. You hit the ogre. You barely miss the black bear.
The black bear bites you. You block the black bear's attack. x2
The polar bear bites you!!
* * * LOW HITPOINT WARNING * * *
The polar bear claws you but does no damage.
The polar bear claws you.
* * * LOW HITPOINT WARNING * * *
The ogre completely misses you. The black bear barely misses you.
You block the black bear's attack. The black bear barely misses you.
You take 24 damage, and have 19/99 hp.
MASSIVE DAMAGE!!
You feel much better. The polar bear bites you.
You block the polar bear's attack. x2; You block the ogre's attack.
The black bear bites you but does no damage.
The black bear barely misses you. The black bear closely misses you.
The polar bear bites you!
* * * LOW HITPOINT WARNING * * *
The polar bear closely misses you. You block the polar bear's attack.
You regained 8 hp, and now have 27/99 hp.
Unknown command.
You slice the black bear!! You slash the ogre! You barely miss the polar bear.
You block the black bear's attack.
The black bear claws you but does no damage.
The black bear claws you.
* * * LOW HITPOINT WARNING * * *
You block the ogre's attack.
The polar bear bites you but does no damage.
You block the polar bear's attack.
The polar bear claws you but does no damage.
You take 2 damage, and have 25/99 hp.
Unknown command.
You feel much better. The black bear bites you.
The black bear claws you but does no damage.
You block the black bear's attack. You block the polar bear's attack.
The polar bear claws you but does no damage.
The polar bear closely misses you.
The ogre hits you with a giant spiked club!!
The black bear bites you but does no damage.
The black bear claws you but does no damage.
The black bear closely misses you. The polar bear bites you!!
* * * LOW HITPOINT WARNING * * *
The polar bear barely misses you. x2
You take 14 damage, and have 11/99 hp.
Unknown command.
You slice the black bear!!
You kill the black bear!
That felt strangely unrewarding.
You hit the ogre.
You hit the polar bear but do no damage.
You block the ogre's attack. The polar bear bites you!
* * * LOW HITPOINT WARNING * * *
You block the polar bear's attack. The polar bear completely misses you.
You take 7 damage, and have 4/99 hp.
Unknown command.
Unknown command.
You feel much better. The ogre barely misses you. The polar bear bites you!!
* * * LOW HITPOINT WARNING * * *
The polar bear closely misses you.
The polar bear claws you but does no damage.
You regained 2 hp, and now have 6/99 hp.
Okay, then.
You fade into invisibility!
The polar bear barely misses you. The polar bear closely misses you.
The polar bear claws you but does no damage.
The ogre hits you but does no damage. The polar bear bites you!
You die...

#####.## ##+##
..##.†.#
...#÷..#
...'...+
...#...#
..##...#
#####.## ##
#..÷#'######...#
...)....O@...#
...†......h.##
#############


You could see a polar bear (berserk) and an ogre (berserk).

Vanquished Creatures
  A sea snake (D)
  A phantasmal warrior (D)
  A gargoyle (D)
  An ice devil (D)
  A komodo dragon (D)
  A red devil (D)
  A polar bear (D)
  A hippogriff (D)
  A redback (D)
  A wyvern (D)
  A wraith (D)
  6 yaks (D)
  An acid dragon (D)
  A floating eye (D)
  A swamp drake (D)
  An ice beast (D)
  Purgy (D)
  An eye of draining (D)
  5 black bears (D)
  A phantom (D)
  A sky beast (D)
  5 wolves (D)
  A centaur (D)
  A hound (D)
  A gnoll shaman (D)
  An orc wizard (D)
  A worker ant (D)
  5 gnolls (D)
  2 oozes (D)
  2 leopard geckos (D)
  2 orcs (D)
  2 jackals (D)
  2 kobolds (D)
  A ball python (D)
  4 frilled lizards (D)
  A rat (D)
61 creatures vanquished.

Notes
Turn   | Place    | Note
-------+----------+-------------------------------------------
     0 | D        | packetloss the Hill Orc Fighter began the quest for the Orb.
     0 | D        | Reached XP level 1. HP: 19/19 MP: 1/1
    11 | D        | Reached skill level 3 in Axes
    18 | D        | Found a bloodstained altar of Trog.
    18 | D        | Found a deep blue altar of Sif Muna.
    18 | D        | Found a viscous altar of Jiyva.
    18 | D        | Found a hazy altar of Hepliaklqana.
    18 | D        | Found an opulent altar of Gozag.
    19 | D        | Found a glowing golden altar of the Shining One.
    19 | D        | Found a glowing silver altar of Zin.
    19 | D        | Found a basalt altar of Yredelemnul.
    19 | D        | Found a shimmering altar of Xom.
    19 | D        | Found an ornate altar of the Wu Jian Council.
    19 | D        | Found a sacrificial altar of Ru.
    19 | D        | Found a stormy altar of Qazlal.
    19 | D        | Found an iron altar of Okawaru.
    19 | D        | Found a sparkling altar of Nemelex Xobeh.
    19 | D        | Found a burning altar of Makhleb.
    19 | D        | Found a blossoming altar of Fedhas.
    19 | D        | Found a white marble altar of Elyvilon.
    19 | D        | Found a shadowy altar of Dithmenos.
    19 | D        | Found a snail-covered altar of Cheibriados.
    20 | D        | Found a radiant altar of Vehumet.
    20 | D        | Found a corrupted altar of Lugonu.
    20 | D        | Found a roughly hewn altar of Beogh.
    21 | D        | Found a hide-covered altar of Uskayaw.
    21 | D        | Found an ancient bone altar of Kikubaaqudgha.
    21 | D        | Found a shattered altar of Ashenzari.
    56 | D        | Reached skill level 5 in Axes
    59 | D        | Reached XP level 2. HP: 26/26 MP: 2/2
    73 | D        | Reached skill level 8 in Axes
    73 | D        | Reached XP level 3. HP: 31/31 MP: 3/3
   167 | D        | Reached skill level 9 in Axes
   265 | D        | Noticed a black bear
   266 | D        | Noticed an ice beast
   266 | D        | Noticed Purgy
   288 | D        | Became a worshipper of Trog the Wrathful
   295 | D        | Killed a black bear
   295 | D        | Reached skill level 12 in Axes
   295 | D        | Reached XP level 4. HP: 39/39 MP: 4/4
   295 | D        | Reached XP level 5. HP: 45/45 MP: 5/5
   295 | D        | Killed an ice beast
   295 | D        | Reached * piety under Trog
   295 | D        | Reached skill level 14 in Axes
   297 | D        | Reached XP level 6. HP: 51/51 MP: 6/6
   299 | D        | Reached skill level 15 in Axes
   300 | D        | Reached ** piety under Trog
   305 | D        | Killed Purgy
   305 | D        | Reached skill level 16 in Axes
   354 | D        | Noticed a phantom
   389 | D        | Killed a phantom
   389 | D        | Reached *** piety under Trog
   389 | D        | Reached skill level 4 in Fighting
   389 | D        | Reached skill level 4 in Armour
   389 | D        | Reached skill level 4 in Shields
   389 | D        | Reached XP level 7. HP: 49/60 MP: 7/7
   461 | D        | Reached **** piety under Trog
   461 | D        | Reached skill level 5 in Fighting
   461 | D        | Reached skill level 17 in Axes
   461 | D        | Reached skill level 5 in Armour
   461 | D        | Reached skill level 5 in Shields
   509 | D        | Reached skill level 6 in Fighting
   512 | D        | Reached skill level 6 in Armour
   520 | D        | Reached skill level 6 in Shields
   552 | D        | Noticed a sea snake
   553 | D        | Noticed a komodo dragon
   557 | D        | Reached ***** piety under Trog
   557 | D        | Reached skill level 7 in Fighting
   559 | D        | Killed a komodo dragon
   559 | D        | Reached skill level 7 in Armour
   559 | D        | Reached skill level 7 in Shields
   559 | D        | Reached XP level 8. HP: 65/74 MP: 8/8
   566 | D        | Killed a sea snake
   566 | D        | Reached skill level 9 in Fighting
   566 | D        | Reached skill level 18 in Axes
   566 | D        | Reached skill level 8 in Armour
   566 | D        | Reached skill level 8 in Shields
   727 | D        | Noticed a yak
   727 | D        | Noticed a yak
   727 | D        | Noticed a yak
   727 | D        | Noticed a yak
   727 | D        | Noticed a yak
   727 | D        | Noticed an ice devil
   728 | D        | Noticed a yak
   733 | D        | Killed a yak
   733 | D        | Reached XP level 9. HP: 83/83 MP: 9/9
   736 | D        | Received a gift from Trog
   740 | D        | Reached skill level 9 in Armour
   740 | D        | Reached skill level 9 in Shields
   743 | D        | Reached skill level 10 in Fighting
   750 | D        | Killed an ice devil
   750 | D        | Reached skill level 19 in Axes
   761 | D        | Reached skill level 10 in Armour
   761 | D        | Reached skill level 10 in Shields
   917 | D        | Fell from the grace of Trog
   917 | D        | Became a worshipper of Makhleb the Destroyer
   958 | D        | Noticed a phantasmal warrior
   975 | D        | Killed a phantasmal warrior
   975 | D        | Reached skill level 11 in Fighting
   975 | D        | Reached skill level 1 in Dodging
   976 | D        | Reached * piety under Makhleb
   976 | D        | Reached skill level 2 in Dodging
   976 | D        | Reached XP level 10. HP: 38/96 MP: 3/10
   980 | D        | HP: 36/144 [wraith (2)]
  1009 | D        | Reached ** piety under Makhleb
  1230 | D        | Paralysed by Trog for 7 turns
  1282 | D        | Reached skill level 1 in Invocations
  1296 | D        | Reached *** piety under Makhleb
  1296 | D        | Reached skill level 2 in Invocations
  1333 | D        | Reached skill level 11 in Armour
  1333 | D        | Reached skill level 11 in Shields
  1359 | D        | Reached skill level 12 in Fighting
  1359 | D        | Reached skill level 3 in Invocations
  1381 | D        | Noticed a gargoyle
  1384 | D        | Killed a gargoyle
  1384 | D        | Reached skill level 4 in Invocations
  1387 | D        | Reached **** piety under Makhleb
  1387 | D        | Paralysed by a floating eye for 2 turns
  1400 | D        | Reached skill level 20 in Axes
  1400 | D        | Reached skill level 5 in Invocations
  1416 | D        | HP: 24/99 [black bear[the rage of Trog] (6)]
  1416 | D        | HP: 3/99 [polar bear[the rage of Trog] (18)]
  1423 | D        | HP: 11/99 [polar bear[the rage of Trog] (22)]
  1424 | D        | HP: 4/99 [polar bear[the rage of Trog] (7)]
  1426 | D        | Mangled by a polar bear

Vault maps used:
D:        pitsprint

Skill      XL: |  1  2  3  4  5  6  7  8  9 10 |
---------------+-------------------------------+-----
Axes           | 5 8 12 14 16 17 18 19 20 | 20.0
Fighting       | 4 7 9 11 12 | 12.4
Armour         | 4 7 8 10 11 | 11.5
Shields        | 4 7 8 10 11 | 11.5
Dodging        | 2 |  2.6
Invocations    | 5 |  5.2

Action                   |  1- 3 |  4- 6 |  7- 9 | 10-12 || total
-------------------------+-------+-------+-------+-------++-------
Melee: War axe           |    42 |    28 |    72 |       ||   142
       Broad axe         |       |       |    16 |    64 ||    80
Invok: Berserk           |       |       |     2 |       ||     2
       Trog's Hand       |       |       |     1 |       ||     1
  Use: Potion            |     1 |       |     1 |     7 ||     9
  Eat: Chunk             |       |       |     3 |     1 ||     4
Armor: Scale mail        |    11 |       |       |       ||    11
       Chain mail        |     7 |     7 |    17 |    46 ||    77
Dodge: Dodged            |    14 |     3 |    10 |    55 ||    82
Block: Shield            |    27 |     6 |    38 |    69 ||   140

Table legend:
 A = Spawn XP
 B = Non-spawn XP
 C = Spawn XP percentage of total XP
 D = Spawn monster count
 E = Non-spawn monster count
 F = Spawn count percentage of total count
 G = Total turns spent on level
                    A         B        C        D         E        F      G
               +---------+---------+-------+---------+---------+-------+---------
         Total |       0 |    7561 |   0.0 |       0 |      58 |   0.0 |  1426
               +---------+---------+-------+---------+---------+-------+---------
             D |       0 |    7561 |   0.0 |       0 |      58 |   0.0 |  1426
               +---------+---------+-------+---------+---------+-------+---------

Vault maps used:
D:        pitsprint

Table legend:
 A = Turns spent in this place as a percentage of turns spent in the entire game.
 B = Non-inter-level travel turns spent in this place as a percentage of non-inter-level travel turns spent in the entire game.
 C = Inter-level travel turns spent in this place as a percentage of turns spent in this place.
 D = Turns resting spent in this place as a percentage of non-inter-level travel turns spent in this place.
 E = Turns spent auto-exploring this place as a percentage of non-inter-level travel turns spent in this place.
 F = Non-inter-level travel turns spent in this place divided by the number of levels of this place that you've seen.
                   A       B       C       D       E      F
               +-------+-------+-------+-------+-------+----------------------
         Total | 100.0 | 100.0 |   7.7 |  41.5 |   0.0 | 1316.0
       Dungeon | 100.0 | 100.0 |   7.7 |  41.5 |   0.0 | 1316.0
               +-------+-------+-------+-------+-------+----------------------

Table legend:
 A = Kills in this place as a percentage of kills in entire the game.
 B = Kills by you in this place as a percentage of kills by you in the entire game.
 C = Kills by friends in this place as a percentage of kills by friends in the entire game.
 D = Other kills in this place as a percentage of other kills in the entire game.
 E = Experience gained in this place as a percentage of experience gained in the entire game.
 F = Experience gained in this place divided by the number of levels of this place that you have seen.
                   A       B       C       D       E      F
               +-------+-------+-------+-------+-------+----------------------
         Total | 100.0 | 100.0 |   N/A |   N/A | 100.0 | 7561.0
       Dungeon | 100.0 | 100.0 |   N/A |   N/A | 100.0 | 7561.0
               +-------+-------+-------+-------+-------+----------------------
